 Seeded DCSS version 0.28.0-43-g3370ac3207 (webtiles) character file.

Game seed: 9871404364189446373 (custom seed)

16893 croobank the Protected (level 12, -5/157 HPs)
             Began as a Minotaur Fighter on Mar 24, 2022.
             Was an Elder of Trog.
             Slain by a freezing wraith (8 damage)
             ... led by a death knight
             ... on level 12 of the Dungeon.
             The game lasted 00:40:25 (11820 turns).

croobank the Protected (Minotaur Fighter)          Turns: 11820, Time: 00:40:34

Health: -5/157     AC: 43    Str: 27    XL:     12   Next: 14%
Magic:  11/11      EV:  8    Int: 11    God:    Trog [****..]
Gold:   215        SH:  0    Dex: 10    Spells: 11/11 levels left

rFire   . . .      SeeInvis .   a - +4 executioner's axe (drain)
rCold   + . .      Faith    .   (shield currently unavailable)
rNeg    . . .      Spirit   .   I - +17 plate armour of the End {Will++ Int+6 Dex+3}
rPois   +          Reflect  .   M - +2 hat
rElec   .          Harm     .   O - +1 cloak {rPois}
rCorr   .          Rampage  .   Q - +0 pair of gloves
Will    ++...                   (no boots)
Stlth   ..........              Y - amulet of regeneration
HPRegen 1.16/turn               w - ring of protection from cold
MPRegen 0.12/turn               x - +4 ring of protection

@: berserking, about to teleport, slowed
A: horns 2, retaliatory headbutt, clumsy 1
a: Renounce Religion, Berserk, Trog's Hand, Brothers in Arms


You were on level 12 of the Dungeon.
You worshipped Trog.
Trog was greatly pleased with you.
You visited 2 branches of the dungeon, and saw 13 of its levels.
You also visited: Sewer.

You collected 775 gold pieces.
You spent 560 gold pieces at shops.

Inventory:

Hand Weapons
 a - a +4 executioner's axe of draining (weapon)
 b - the +1 hunting sling of Fear {vorpal, +Blink rElec MP-9 SInv}
   (You found it on level 6 of the Dungeon)

   Any ammunition fired from it inflicts extra damage upon your enemies.
   rElec:     It insulates you from electricity.
   MP:        It affects your magic capacity (-9).
   SInv:      It lets you see invisible.
   +Blink:    It lets you blink.
 K - a +0 shortbow of freezing
 L - a +0 quick blade
 N - a +4 quarterstaff of chaos
Missiles
 e - 324 stones
 k - 334 arrows
 o - 5 poisoned darts
 q - 108 sling bullets
 s - a boomerang (quivered)
 u - 5 curare-tipped darts
 U - 4 throwing nets
 Z - 26 bolts
Armour
 c - a +0 buckler
 A - a +0 chain mail
 I - the +17 plate armour of the End (worn) {Will++ Int+6 Dex+3}
   (You found it on level 7 of the Dungeon)

   Int:       It affects your intelligence (+6).
   Dex:       It affects your dexterity (+3).
   Will:      It greatly increases your willpower.
 M - a +2 hat (worn)
 O - a +1 cloak of poison resistance (worn)
 P - a +1 cloak of preservation
 Q - a +0 pair of gloves (worn)
Jewellery
 r - a ring of positive energy
 w - a ring of protection from cold (left hand)
 x - a +4 ring of protection (right hand)
 D - a ring of protection from fire
 J - a +6 ring of dexterity
 Y - an amulet of regeneration (around neck)
Wands
 h - a wand of acid (11)
 F - a wand of flame (32)
Scrolls
 f - 4 scrolls of fog
 i - 5 scrolls of amnesia
 l - 5 scrolls of teleportation
 n - a scroll of identify
 y - a scroll of noise
 B - 2 scrolls of vulnerability
 E - a scroll of immolation
 G - a scroll of holy word
 R - 2 scrolls of fear
 S - 2 scrolls of enchant armour
 V - a scroll of magic mapping
Potions
 d - a potion of might
 g - 2 potions of ambrosia
 j - 7 potions of curing
 m - 2 potions of haste
 p - 2 potions of attraction
 v - 4 potions of flight {unknown}
 z - a potion of heal wounds {unknown}
 C - a potion of lignification {unknown}
 H - a potion of degeneration
 T - a potion of mutation {unknown}
 W - a potion of brilliance {unknown}


   Skills:
 - Level 9.5 Fighting
 + Level 8.5(11.5) Axes
 - Level 12.2(13.2) Polearms
 + Level 14.6 Armour
 - Level 9.5 Shields


You had 11 spell levels left.
You didn't know any spells.
Your spell library contained the following spells:

 Spells                   Type           Power      Damage    Failure   Level
 Beastly Appendage        Tmut           0%         N/A       93%         1
 Freeze                   Ice            0%         1d3       93%         1
 Sting                    Tmut/Pois      0%         1d3       93%         1
 Poisonous Vapours        Pois/Air       0%         N/A       98%         2
 Wereblood                Tmut           0%         N/A       98%         2
 Frozen Ramparts          Ice            0%         1d2       100%        3
 Ignite Poison            Fire/Tmut/Pois 0%         N/A       100%        3
 Mephitic Cloud           Conj/Pois/Air  0%         N/A       100%        3
 Spider Form              Tmut/Pois      0%         N/A       100%        3
 Hailstorm                Conj/Ice       0%         3d3       100%        4
 Olgreb's Toxic Radiance  Pois           0%         N/A       100%        4
 Freezing Cloud           Conj/Ice/Air   0%         6-21      100%        5


Dungeon Overview and Level Annotations

Branches:
Dungeon (12/15)            Temple (1/1) D:7            Lair (0/6) D:8
    Orc (0/2) D:9           Sewer (visited)

Altars:
Ashenzari
Cheibriados
Dithmenos
Elyvilon
Fedhas
Gozag
Hepliaklqana
Kikubaaqudgha
Makhleb
Nemelex Xobeh
Okawaru
Qazlal
Ru
Sif Muna
Trog
Uskayaw
Vehumet
Wu Jian
Xom
Yredelemnul
Zin
The Shining One

Shops:
D:6 **   D:9 (


Innate Abilities, Weirdness & Mutations

You have a pair of horns on your head.
You reflexively headbutt those who attack you in melee.
You are clumsy. (Dex -2)


Message History

The death knight hits you with a +0 broad axe.
You slice the death knight!!
You kill the death knight!
Trog accepts your kill.
Okay, then.
You're wearing all the rings you can.
Remove which one? (? for menu, Esc to cancel) < or
J - a +6 ring of dexterity; > or
x - a +4 ring of protection You remove your +6 ring of dexterity.
You feel clumsy.
The freezing wraith hits you but does no damage.
The freezing wraith hits you.
* * * LOW HITPOINT WARNING * * *
The freezing wraith drains your vigour!
You feel yourself slow down.
w - a ring of protection from cold (left hand)
You slice the freezing wraith!!
The freezing wraith is heavily damaged.
The freezing wraith hits you. The freezing wraith freezes you! You resist.
* * * LOW HITPOINT WARNING * * *
The freezing wraith hits you but does no damage.
The freezing wraith hits you.
* * * LOW HITPOINT WARNING * * *
The freezing wraith freezes you! You resist.
* * * LOW HITPOINT WARNING * * *
The freezing wraith hits you but does no damage.
As you read the scroll of teleportation, it crumbles to dust.
You feel strangely unstable.
The freezing wraith hits you but does no damage.
The freezing wraith closely misses you. The freezing wraith hits you.
* * * LOW HITPOINT WARNING * * *
The freezing wraith freezes you! You resist.
* * * LOW HITPOINT WARNING * * *
The freezing wraith hits you but does no damage. x5
A red film seems to cover your vision as you go berserk!
You feel yourself moving faster!
You feel mighty! The freezing wraith closely misses you.
You furiously retaliate!
You headbutt the freezing wraith!
The freezing wraith hits you but does no damage.
The freezing wraith hits you!
You die...

#.......W[.....#
#......W########
#.......#.......
#######......p#.......
...........WW.#.....#
.......####'###.....#
.......+.....##.....#
.......#.....##.....#
.......#....WW@.....#
########....W#W.....#
........##'#####
..#########.....##
########.....##......+
.......#............##
.......'.....##.....#
####
.......#.....##.....#
#...
.......#'######........
+...


You could see 2 freezing wraiths and 2 wraiths.

Vanquished Creatures
  A hydra (D:9)
  2 two-headed ogres
  A death knight (D:12)
  The ghost of pkoi the Placeless Spriggan, a novice SpCj of Sif Muna (D:8)
  Pikel (D:5)
  2 ugly things
  3 cyclopes (D:11)
  Maggie (D:7)
  2 gargoyles
  3 unseen horrors
  A komodo dragon (D:8)
  4 trolls
  A queen bee (D:11)
  A wraith (D:11)
  A shadow (D:9)
  4 yaks
  Grum (D:9)
  A steam dragon (D:7)
  5 vampire mosquitoes
  Menkaure (D:5)
  2 acid dragons
  Duvessa (D:7)
  5 water moccasins
  2 sky beasts (D:6)
  2 orc warriors
  4 black bears
  A hornet zombie (D:8)
  3 ogres
  A necrophage (D:6)
  12 centaurs
  A phantom (D:9)
  A kobold brigand (D:11)
  7 bullfrogs
  2 gnoll sergeants (D:9)
  3 scorpions
  A wyvern skeleton (D:6)
  Dowan (D:7)
  A water moccasin skeleton (D:6)
  10 killer bees
  A troll zombie (D:9)
  An electric eel (D:7)
  3 howler monkeys (D:10)
  4 centaur zombies
  A bullfrog zombie (D:6)
  2 lava snakes (D:7)
  15 hounds
  4 jellies (D:6)
  A centaur skeleton (D:7)
  2 gnoll shamans (D:9)
  4 orc priests
  Crazy Yiuf (D:7)
  A bullfrog skeleton (D:6)
  5 iguanas
  Ijyb (D:5)
  5 orc wizards
  A killer bee zombie (D:9)
  5 ogre zombies (D:9)
  20 gnolls
  3 adders
  2 river rats (D:5)
  3 shadow imps
  A white imp (D:5)
  An ufetubus (D:6)
  2 adder skeletons (D:4)
  A worm (D:2)
  A dart slug (D:3)
  23 orcs
  8 ball pythons
  12 endoplasms
  8 goblins
  3 hobgoblins
  13 jackals
  3 quokkas
  12 bats
  3 frilled lizards
  A goblin skeleton (D:9)
  2 goblin zombies (D:9)
  6 hobgoblin zombies (D:9)
  11 kobolds
  An orc skeleton (D:9)
  9 orc zombies (D:9)
  2 rats (D:2)
305 creatures vanquished.

Vanquished Creatures (others)
  An orc (D:7)
  34 fungi (D:8)
  56 plants
91 creatures vanquished.

Grand Total: 396 creatures vanquished

Notes
Turn   | Place    | Note
-------+----------+-------------------------------------------
     0 | D:1      | croobank the Minotaur Fighter began the quest for the Orb.
     0 | D:1      | Reached XP level 1. HP: 19/19 MP: 0/0
   416 | D:1      | Reached XP level 2. HP: 22/27 MP: 1/1
  1256 | D:2      | Reached skill level 4 in Armour
  1495 | D:2      | Reached skill level 1 in Polearms
  1571 | D:2      | Reached XP level 3. HP: 28/33 MP: 2/2
  2103 | D:3      | Reached XP level 4. HP: 27/40 MP: 3/3
  2873 | D:4      | Noticed an ogre
  3309 | D:4      | Reached XP level 5. HP: 47/47 MP: 4/4
  3394 | D:4      | Killed an ogre
  3399 | D:4      | Noticed a black bear
  3400 | D:4      | Killed a black bear
  3401 | D:4      | Reached skill level 5 in Fighting
  3401 | D:4      | Reached skill level 5 in Armour
  3401 | D:4      | Reached skill level 5 in Shields
  3401 | D:4      | Reached XP level 6. HP: 53/56 MP: 5/5
  3566 | D:5      | Entered Level 5 of the Dungeon
  3823 | D:5      | Noticed Menkaure
  3824 | D:5      | Noticed a water moccasin
  3828 | D:5      | Killed Menkaure
  3835 | D:5      | Killed a water moccasin
  3836 | D:5      | Reached skill level 5 in Polearms
  3836 | D:5      | Reached XP level 7. HP: 47/61 MP: 6/6
  3861 | D:5      | Found a glowing drain.
  3881 | D:5      | Reached skill level 6 in Armour
  3885 | Sewer    | Entered a sewer
  4460 | D:5      | Reached XP level 8. HP: 56/70 MP: 7/7
  4546 | D:5      | Noticed Ijyb
  4553 | D:5      | Killed Ijyb
  4736 | D:5      | Reached skill level 7 in Armour
  4908 | D:5      | Noticed Pikel
  4915 | D:5      | Killed Pikel
  5146 | D:6      | Found a white marble altar of Elyvilon.
  5150 | D:6      | Reached skill level 8 in Armour
  5187 | D:6      | Found Repp's General Store.
  5191 | D:6      | Found Koociuz's Specific Store.
  5261 | D:6      | Killed an unseen horror
  5262 | D:6      | Reached XP level 9. HP: 73/79 MP: 8/8
  5321 | D:6      | Killed an unseen horror
  5322 | D:6      | Reached skill level 9 in Armour
  5940 | D:6      | Reached skill level 10 in Armour
  6085 | D:6      | Identified the +1 hunting sling of Fear {vorpal, +Blink
                  | rElec MP-9 SInv}
  6707 | D:7      | Found a staircase to the Ecumenical Temple.
  6725 | D:7      | Identified the +17 plate armour of the End {Will++ Int+6
                  | Dex+3}
  6853 | Temple   | Entered the Ecumenical Temple
  6970 | Temple   | Became a worshipper of Trog the Wrathful
  7126 | D:7      | Noticed a gargoyle
  7134 | D:7      | Killed a gargoyle
  7135 | D:7      | Reached skill level 10 in Polearms
  7135 | D:7      | Reached XP level 10. HP: 78/88 MP: 9/9
  7140 | D:7      | Noticed Dowan
  7142 | D:7      | Killed Dowan
  7142 | D:7      | Noticed Duvessa
  7149 | D:7      | Killed Duvessa
  7604 | D:7      | Noticed Maggie
  7615 | D:7      | Killed Maggie
  7921 | D:7      | Found a runed translucent door.
  7922 | D:7      | Noticed Crazy Yiuf
  7927 | D:7      | Killed Crazy Yiuf
  8087 | D:8      | Found a runed translucent door.
  8087 | D:8      | Noticed pkoi's ghost (novice SpCj)
  8108 | D:8      | Reached * piety under Trog
  8125 | D:8      | Reached skill level 11 in Armour
  8131 | D:8      | Found a staircase to the Lair.
  8921 | D:8      | Killed pkoi's ghost
  9069 | D:9      | Reached ** piety under Trog
  9075 | D:9      | Found Poivuo Komue's Weapon Emporium.
  9122 | D:9      | Found a staircase to the Orcish Mines.
  9133 | D:9      | Reached skill level 12 in Armour
  9136 | D:9      | Reached XP level 11. HP: 83/97 MP: 10/10
  9173 | D:9      | Noticed a four-headed hydra
  9193 | D:9      | Killed a four-headed hydra
  9207 | D:9      | Gained mutation: You are clumsy. (Dex -2) [mutagenic glow]
  9395 | D:9      | Reached *** piety under Trog
  9795 | D:9      | Noticed Grum
  9802 | D:9      | Killed Grum
  9850 | D:9      | Noticed a cyan ugly thing
  9860 | D:9      | Killed a cyan ugly thing
 10178 | D:6      | Bought a +4 executioner's axe of draining for 560 gold
                  | pieces
 10226 | D:10     | Entered Level 10 of the Dungeon
 10973 | D:11     | Reached skill level 13 in Armour
 10979 | D:11     | Reached skill level 5 in Axes
 11080 | D:11     | Noticed a purple ugly thing
 11088 | D:11     | Killed a purple ugly thing
 11124 | D:11     | Reached **** piety under Trog
 11520 | D:11     | Noticed a two-headed ogre
 11527 | D:11     | Killed a two-headed ogre
 11528 | D:11     | Reached skill level 14 in Armour
 11716 | D:12     | Reached XP level 12. HP: 105/105 MP: 11/11
 11780 | D:12     | Noticed a two-headed ogre
 11787 | D:12     | Killed a two-headed ogre
 11788 | D:12     | Noticed a death knight
 11815 | D:12     | Killed a death knight
 11819 | D:12     | HP: 1/105 [freezing wraith[a death knight] (10)]
 11820 | D:12     | Slain by a freezing wraith

Illustrated notes

Levels and vault maps discovered:
D:1:      onia_arrival_mini_maze_b, layout_basic, bh_walls_and_bars
D:2:      layout_basic, serial_glass, glass_columns_c, glass_columns_b,
          nrook_campfire, minmay_tripent
D:3:      layout_basic, minmay_misc_feat_encased
D:4:      layout_cave_pools
D:5:      layout_basic, cheibrodos_sewer_entry_sluice, uniq_ijyb, uniq_pikel,
          uniq_menkaure
D:6:      cheibrodos_fzero, layout_basic, mainiacjoe_overflow_tiny_flanked,
          nicolae_specific_store, minmay_starry_boxes
D:7:      layout_loops_ring, temple_pool_b, minivault_4, grunt_decor_junction,
          uniq_crazy_yiuf_cottage, uniq_maggie, uniq_duvessa
D:8:      layout_basic, due_lair_maze_entry_diamond,
          hellmonk_ghost_happy_afterlife, hangedman_decor_diamond_cutter
D:9:      layout_big_octagon, zombieorc1_lemuel, serial_gnoll_camp,
          grums_kennel, gnoll_camp_mini_shop, gnoll_camp_mini_basic,
          gnoll_camp_mini_doghouse, gnoll_camp_huts_basic,
          gnoll_camp_mini_loothouse
D:10:     layout_loops_ring
D:11:     layout_long_grid, nicolae_looking_at_the_future
D:12:     layout_gridville
Temple:   mainiacjoe_temple_hex_bubbles

Skill      XL: |  1  2  3  4  5  6  7  8  9 10 11 12 |
---------------+-------------------------------------+-----
Armour         | 4 5 6 8 10 12 14 | 14.6
Fighting       | 4 5 7 8 9 |  9.5
Shields        | 4 5 6 7 8 9 |  9.5
Polearms       | 1 2 4 5 6 8 10 11 12 | 12.2
Axes           | 7 8 |  8.5

Action                   |  1- 3 |  4- 6 |  7- 9 | 10-12 || total
-------------------------+-------+-------+-------+-------++-------
Melee: War axe           |    32 |       |       |       ||    32
       Halberd           |    38 |    84 |   166 |   204 ||   492
       Headbutt          |     4 |    10 |    24 |    94 ||   132
       Executioner's axe |       |       |       |   146 ||   146
       Battleaxe         |       |       |       |    82 ||    82
       Quarterstaff      |       |       |       |    23 ||    23
Throw: Throwing net      |       |     1 |       |       ||     1
       Boomerang         |       |     6 |    15 |    12 ||    33
Invok: Berserk           |       |       |       |     1 ||     1
Evoke: Wand              |       |       |     1 |     1 ||     2
  Use: Scroll            |       |     8 |     2 |     9 ||    19
Armor: Scale mail        |    39 |    47 |       |       ||    86
       Chain mail        |       |     6 |   128 |       ||   134
       Plate armour      |       |       |    10 |   586 ||   596
Dodge: Dodged            |    39 |    53 |    85 |   260 ||   437
Block: Buckler           |    10 |       |       |       ||    10
